 Dungeon Crawl Stone Soup version 0.31-a0-210-gccc998df9b (webtiles) character file.

Game seed: 17807613914262242396

5855 nono the Fighter (level 11, -2/81 (89) HPs)
             Began as a Formicid Cinder Acolyte on June 30, 2023.
             Was an Initiate of Ignis.
             Slain by a black bear (6 damage)
             ... on level 8 of the Dungeon.
             The game lasted 00:24:41 (9521 turns).

nono the Fighter (Formicid Cinder Acolyte)          Turns: 9521, Time: 00:24:43

HP:   -2/81 (89)    AC: 19    Str: 26 (28) XL:     11   Next: 7%
MP:   14/14         EV:  7    Int: 14 (15) God:    Ignis [......]
Gold: 464           SH:  0    Dex:  8 (9)  Spells: 10/12 levels left

rFire   + . .        N - +0 battleaxe
rCold   . . .        (no shield)
rNeg    . . .        Q - +0 plate armour
rPois   .            (helmet unavailable)
rElec   .            (no cloak)
rCorr   .            t - +0 pair of gloves
SInv    +            (no boots)
Will    +....        (no amulet) Stlth
                     A - +4 ring of protection
HPRegen 0.33/turn    o - +6 ring of strength
MPRegen 0.14/turn

%: clarity
@: brilliant, attractive, drained
A: permanent stasis, dig shafts and tunnels, antennae 3, four strong arms,
clarity, high MP 1
a: Dig, Shaft Self, Renounce Religion


You were on level 8 of the Dungeon.
You worshipped Ignis.
Ignis was noncommittal.
You visited 1 branch of the dungeon, and saw 9 of its levels.
You also visited: Ossuary.

You collected 464 gold pieces.

Inventory:

Hand Weapons
 a - a -1 hand axe of flaming
 D - a +0 hand axe
 F - a +0 dagger of electrocution
 N - a +0 battleaxe (weapon)
Missiles
 h - 5 javelins (quivered)
 p - 3 atropa-tipped darts
 J - 2 throwing nets
 M - 3 curare-tipped darts
Armour
 b - a +0 robe
 m - a +0 ring mail
 t - a +0 pair of gloves (worn)
 E - a +0 chain mail
 Q - a +0 plate armour (worn)
Jewellery
 k - a ring of protection from fire
 o - a +6 ring of strength (right hand)
 A - a +4 ring of protection (left hand)
 G - a ring of flight
 I - a ring of ice
 O - a ring of willpower
Scrolls
 c - a scroll of silence {unknown}
 d - a scroll of noise {unknown}
 g - 6 scrolls of identify {unknown}
 n - 9 scrolls of teleportation
 q - 2 scrolls of enchant weapon {unknown}
 r - 2 scrolls of blinking {unknown}
 u - a scroll of fog {unknown}
 v - 2 scrolls of brand weapon {unknown}
 w - a scroll of immolation {unknown}
 y - 6 scrolls of vulnerability {unknown}
 B - 2 scrolls of enchant armour {unknown}
 C - 2 scrolls of acquirement {unknown}
 P - 2 scrolls of amnesia {unknown}
Potions
 e - 2 potions of enlightenment
 f - 2 potions of cancellation
 i - 5 potions of curing
 j - a potion of haste
 s - 2 potions of lignification
 z - a potion of ambrosia
 H - a potion of degeneration


   Skills:
 + Level 9.3 Fighting
 + Level 8.6 Axes
 + Level 7.8 Throwing
 + Level 8.6 Armour
 - Level 1.2 Spellcasting
 - Level 3.0 Fire Magic


You had 10 spell levels left.
You knew the following spells:

 Your Spells              Type           Power      Damage    Failure   Level
a - Scorch                Fire           28%        2d6       75%         2

Your spell library contained the following spells:

 Spells                   Type           Power      Damage    Failure   Level
 Freeze                   Ice            4%         1d3       95%         1
 Sting                    Tmut/Pois      4%         1d3       95%         1
 Poisonous Vapours        Pois/Air       2%         N/A       99%         2
 Call Canine Familiar     Summ           1%         N/A       100%        3
 Frozen Ramparts          Ice            2%         1d1       100%        3
 Hailstorm                Conj/Ice       1%         3d3       100%        3
 Portal Projectile        Hex/Tloc       2%         N/A       100%        3
 Summon Guardian Golem    Hex/Summ       1%         N/A       100%        3
 Leda's Liquefaction      Hex/Erth       0%         N/A       100%        4
 Olgreb's Toxic Radiance  Pois           1%         N/A       100%        4
 Summon Ice Beast         Ice/Summ       1%         N/A       100%        4
 Summon Mana Viper        Hex/Summ       1%         N/A       100%        5
 Monstrous Menagerie      Summ           0%         N/A       100%        7
 Orb of Destruction       Conj           0%         9d5       100%        7
 Spellforged Servitor     Conj/Summ      0%         N/A       100%        7


Dungeon Overview and Level Annotations

Branches:
Dungeon (9/15)             Temple (0/1) D:6            Lair (0/5) D:8
Ossuary (visited)
    Orc: D:9-12

Altars:
Cheibriados
Dithmenos
Elyvilon
Kikubaaqudgha
Sif Muna


Innate Abilities, Weirdness & Mutations

You cannot be hasted, slowed, berserked, paralysed or teleported.
You can dig through walls and to a lower floor.
You have a pair of large antennae on your head. (SInv)
Your four strong arms can wield two-handed weapons with a shield.
You possess an exceptional clarity of mind.
You have an increased reservoir of magic. (+10% MP)


Message History

You hit the black bear.
The black bear is lightly wounded.
You slash the bullfrog!
You kill the bullfrog!
The black bear bites you.
* * * LOW HITPOINT WARNING * * *
The black bear barely misses you.
The black bear claws you but does no damage.
The black bear completely misses you.
The black bear claws you but does no damage. x2
The black bear bites you but does no damage.
The black bear claws you but does no damage. x2
You hit the black bear but do no damage.
You hit the black bear. The black bear bites you.
* * * LOW HITPOINT WARNING * * *
The black bear claws you but does no damage.
The black bear barely misses you.
The black bear bites you but does no damage.
The black bear claws you but does no damage. x2
You hit the black bear.
The black bear is lightly wounded.
You slash the black bear! The black bear barely misses you.
The black bear claws you but does no damage. x2
The black bear bites you.
* * * LOW HITPOINT WARNING * * *
The black bear barely misses you.
The black bear claws you but does no damage.
You hit the black bear.
The black bear is moderately wounded.
You slash the black bear!
You kill the black bear!
The black bear bites you.
* * * LOW HITPOINT WARNING * * *
The black bear claws you but does no damage.
The black bear claws you.
* * * LOW HITPOINT WARNING * * *
The wight hits you with a +0 scimitar!
* * * LOW HITPOINT WARNING * * *
The black bear bites you.
You die... .PPP.

..# ####
.........P......#
# P.......... #
..P..PP.P #
..PP... # .:... #
... # #h# # #@#
#####
#z############.{{{
#.......z...##{###
###########.##.#
#....# ####.# ###


You could see a black bear and a wight.

Vanquished Creatures
  A komodo dragon (D:9)
  8 yaks (D:8)
  Eustachio (D:6)
  A vampire mosquito (D:8)
  A wyvern (D:9)
  A steam dragon (D:9)
  5 water moccasins
  Duvessa (D:6)
  3 black bears
  3 ice beasts
  A sky beast (D:5)
  A hornet zombie (Ossuary)
  2 ogres
  3 centaurs
  2 scorpions
  2 bullfrogs (D:8)
  A wyvern zombie (Ossuary)
  A water moccasin zombie (Ossuary)
  9 wights
  Dowan (D:6)
  An electric eel (D:8)
  4 howler monkeys
  3 centaur zombies (Ossuary)
  A jelly (D:5)
  2 bullfrog zombies (Ossuary)
  A gnoll bouda (D:7)
  2 hounds
  3 orc priests
  3 sleepcaps
  2 iguanas (D:6)
  12 mummies (Ossuary)
  4 orc wizards
  3 killer bee zombies (Ossuary)
  3 howler monkey zombies (Ossuary)
  10 gnolls
  8 adders
  3 ufetubi
  4 worms
  2 dart slugs
  16 orcs
  9 ball pythons
  9 bats
  6 endoplasms
  4 giant cockroaches
  4 goblins
  4 hobgoblins
  6 jackals
  2 quokkas
  A frilled lizard (D:3)
  5 kobolds
  6 rats
191 creatures vanquished.

Vanquished Creatures (others)
  27 foxfires
27 creatures vanquished.

Grand Total: 218 creatures vanquished

Notes
Turn   | Place    | Note
-------+----------+-------------------------------------------
     0 | D:1      | nono the Formicid Cinder Acolyte began the quest for the
                  | Orb.
     0 | D:1      | Reached XP level 1. HP: 18/18 MP: 2/2
   130 | D:1      | Reached XP level 2. HP: 24/24 MP: 3/3
   361 | D:1      | Reached skill level 1 in Armour
   552 | D:1      | Reached XP level 3. HP: 28/30 MP: 4/4
   916 | D:2      | Learned a level 2 spell: Scorch
  1109 | D:2      | Found an ancient bone altar of Kikubaaqudgha.
  1363 | D:2      | Reached XP level 4. HP: 37/37 MP: 5/5
  1643 | D:2      | Reached skill level 1 in Throwing
  1701 | D:2      | Found a faded altar of an unknown god.
  2012 | D:3      | Reached skill level 4 in Fighting
  2081 | D:3      | Found a shimmering blue altar of Sif Muna.
  2176 | D:3      | Reached XP level 5. HP: 37/42 MP: 6/6
  2691 | D:4      | Found a shadowy altar of Dithmenos.
  2697 | D:4      | Found a snail-covered altar of Cheibriados.
  2697 | D:4      | Found a white marble altar of Elyvilon.
  2848 | D:4      | Reached XP level 6. HP: 49/49 MP: 7/7
  2937 | D:4      | Found a sand-covered staircase.
  2942 | Ossuary  | Entered an ossuary
  3100 | Ossuary  | Reached XP level 7. HP: 47/55 MP: 8/8
  3123 | Ossuary  | Reached skill level 5 in Fighting
  3283 | Ossuary  | Reached skill level 5 in Axes
  3412 | Ossuary  | Reached XP level 8. HP: 52/63 MP: 9/9
  3876 | D:4      | Reached skill level 6 in Fighting
  4529 | D:4      | Identified the +1 sling of Qomnenk {flame, rF+ Will+ rCorr
                  | Str-4}
  4714 | D:5      | Entered Level 5 of the Dungeon
  4735 | D:4      | Reached skill level 5 in Armour
  5099 | D:5      | Reached XP level 9. HP: 66/71 MP: 10/10
  5391 | D:6      | Reached skill level 5 in Throwing
  5762 | D:5      | Reached skill level 7 in Fighting
  6131 | D:6      | Noticed Eustachio
  6183 | D:6      | Killed Eustachio
  6252 | D:6      | Found a staircase to the Ecumenical Temple.
  6296 | D:6      | Noticed Duvessa
  6314 | D:6      | Killed Duvessa
  6316 | D:6      | Noticed Dowan
  6344 | D:6      | Killed Dowan
  6510 | D:6      | You fall into a shaft and drop 3 floors!
  6882 | D:9      | Noticed a komodo dragon
  6890 | D:9      | HP: 2/72 [komodo dragon (19)]
  6890 | D:9      | Killed a komodo dragon
  7186 | D:7      | Reached XP level 10. HP: 36/80 MP: 11/11
  7526 | D:7      | Reached skill level 8 in Fighting
  8909 | D:8      | Found a staircase to the Lair.
  9421 | D:8      | Reached skill level 9 in Fighting
  9454 | D:8      | Reached XP level 11. HP: 17/89 MP: 12/12
  9457 | D:8      | HP: 6/133 [wight/+3 spear (6)]
  9507 | D:8      | Gained mutation: You have an increased reservoir of magic.
                  | (+10% MP) [potion of mutation]
  9507 | D:8      | Gained mutation: You possess an exceptional clarity of
                  | mind. [potion of mutation]
  9521 | D:8      | HP: 4/81 [wight/+0 scimitar (7)]
  9521 | D:8      | Slain by a black bear

Illustrated notes

Levels and vault maps discovered:
D:1:      lightli_arrival_quake, layout_loops_corners,
          amcnicky_mini_rare_corridor_liquid
D:2:      layout_loops_ring, basic_altar, dilly_ecumenical_altar_fadedgnrine
D:3:      layout_rooms, led_sif_book, chequers_serial_rivers_room_a,
          grunt_ministairs_3
D:4:      layout_loops_ring, gammafunk_temple_overflow_forgotten,
          nicolae_ossuary_entry_false_entrances, portal_sewer_entry_d,
          hangedman_decor_diamond_cutter
D:5:      layout_basic
D:6:      layout_gridville, minmay_temple_entry_gardened_gates,
          kennysheep_generic_room_7, uniq_duvessa, uniq_eustachio
D:7:      layout_basic, minmay_quadrilaterals
D:8:      layout_basic, due_lair_maze_entry_diamond, grunt_ministairs_2,
          serial_bayou_lagoon_a
D:9:      layout_stronghold

Skill      XL: |  1  2  3  4  5  6  7  8  9 10 |
---------------+-------------------------------+-----
Armour         | 1 2 3 4 5 6 8 |  8.6
Throwing       | 1 2 3 4 6 7 |  7.8
Fighting       | 4 5 6 7 9 |  9.3
Axes           | 4 5 6 7 8 |  8.6
Spellcasting   | |  1.2
Fire Magic     | |  3.0

Action                     |  1- 3 |  4- 6 |  7- 9 | 10-12 || total
---------------------------+-------+-------+-------+-------++-------
  Melee: Hand axe          |   111 |   142 |   350 |       ||   603
         Punch             |     2 |     4 |     2 |     2 ||    10
         Dagger            |       |       |    64 |       ||    64
         Battleaxe         |       |       |    12 |   254 ||   266
  Throw: Javelin           |     1 |     2 |     2 |       ||     5
   Cast: Scorch            |     3 |       |       |       ||     3
 Invoke: Fiery Armour      |     1 |     3 |     5 |       ||     9
         Foxfire Swarm     |       |       |     2 |       ||     2
         Rising Flame      |       |       |     1 |       ||     1
Ability: Dig               |     2 |     1 |     2 |     1 ||     6
         Shaft Self        |       |       |     1 |       ||     1
    Use: Potion            |       |       |     6 |    12 ||    18
         Scroll            |       |       |     1 |       ||     1
 Armour: Robe              |    21 |       |       |       ||    21
         Ring mail         |     9 |    55 |    60 |       ||   124
         Chain mail        |       |       |   221 |    80 ||   301
         Plate armour      |       |       |       |   164 ||   164
         Skin              |       |       |       |    19 ||    19
  Dodge: Dodged            |    61 |    79 |   243 |   166 ||   549

Table legend: (Time is in decaauts)
 A = Elapsed time spent in this place.
 B = Non-inter-level travel time spent in this place.
 C = Inter-level travel time spent in this place.
 D = Time resting spent in this place.
 E = Time spent auto-exploring this place.
 F = Levels seen in this place.
 G = Mean time per level.
                   A        B        C        D        E       F      G
               +--------+--------+--------+--------+--------+-----+--------+
         Total |   9682 |   9292 |    390 |   1669 |   5250 |  10 |  968.2 |
       Dungeon |   8779 |   8389 |    390 |   1262 |   5158 |   9 |  975.4 |
       Ossuary |    903 |    903 |      0 |    407 |     92 |   1 |  903.0 |
               +--------+--------+--------+--------+--------+-----+--------+

Top non-repeatable levels by time:
     D:7: 1492 daAuts
     D:4: 1247 daAuts
     D:6: 1143 daAuts
     D:2: 1127 daAuts
     D:5: 976 daAuts
 Ossuary: 903 daAuts
     D:1: 855 daAuts
     D:3: 777 daAuts
     D:9: 668 daAuts
     D:8: 490 daAuts
